Construct Medical Station
Selects Airborne Battlegroup
Selects Airborne Battlegroup
Selects Heavy Machine Gun Paradrop
Selects Paratrooper Squad Paradrop
Selects Anti-tank Gun Team Paradrop
Anti-tank Gun Team Paradrop
Heavy Machine Gun Paradrop
Heavy Machine Gun Paradrop
M1918 Browning Automatic Rifles
Anti-tank Gun Team Paradrop
M4(105) Sherman Bulldozer
Selects Paradrop Reinforcements
Selects Carpet Bombing Run
Heavy Machine Gun Paradrop